Map: [ESL] Tropical Sacrifice

Players

ShoWTimE - Winner!

  • Race: Protoss Protoss
  • League: Master
  • Spawn Location: 7:00

Lambo

  • Race: Zerg Zerg
  • League: Grandmaster
  • Spawn Location: 1:00

Event: TSL 9

VOD

Have the link to the VOD?

Description

Time

  • Played on: Sept. 3, 2022, 8:13 a.m.
  • Length: 13:46

All games in this series

Show
View Real Time Build Order
Export as new Build Order

ShoWTimE Protoss - Winner!

Build Orders: 1 Gate Expand, Oracle Opening, Zealot Archon, Archon Drop 

Get SALT Encoding   

  12  0:00  Probe  
  13  0:12  Probe  
  14  0:18  Pylon  
  14  0:24  Probe  
  15  0:36  Probe (Chrono Boost)  
  15  0:39  Gateway  
  16  0:46  Probe (Chrono Boost)  
  16  0:49  Assimilator  
  17  0:51  Probe  
  18  1:03  Probe  
  19  1:16  Probe  
  20  1:27  Nexus  
  20  1:39  Cybernetics Core  
  20  1:40  Probe  
  20  1:47  Assimilator  
  21  1:52  Probe  
  22  1:56  Pylon  
  22  2:04  Probe  
  23  2:12  Adept (Chrono Boost)  
  25  2:17  Probe  
  25  2:20  Stargate  
  26  2:26  Warp Gate  
  27  2:30  Probe (Chrono Boost)  
  27  2:35  Adept  
  29  2:39  Probe (Chrono Boost)  
  29  2:43  Probe (Chrono Boost)  
  31  2:49  Probe (Chrono Boost)  
  33  2:51  Probe (Chrono Boost)  
  33  2:55  Probe (Chrono Boost)  
  33  2:56  Probe (Chrono Boost)  
  35  3:02  Oracle (Chrono Boost)  
  39  3:07  Probe  
  39  3:08  Stalker  
  39  3:10  Probe  
  42  3:19  Probe  
  43  3:21  Pylon  
  43  3:22  Probe  
  44  3:31  Probe  
  45  3:34  Probe  
  45  3:39  Oracle  
  49  3:43  Probe  
  49  3:46  Probe  
  49  3:49  Nexus  
  49  3:55  Probe, Pylon  
  49  4:00  Assimilator  
  49  4:02  Assimilator  
  50  4:08  Probe x2  
  52  4:10  Twilight Council  
  52  4:13  Forge  
  52  4:22  Robotics Facility, Probe  
  52  4:23  Probe  
  54  4:32  Gateway  
  54  4:33  Gateway  
  54  4:35  Probe x2  
  56  4:40  Protoss Ground Weapons Level 1 (Chrono Boost)  
  56  4:42  Gateway  
  56  4:46  Charge (Chrono Boost)  
  56  4:47  Probe  
  56  4:48  Probe  
  59  5:00  Probe x2  
  59  5:02  Gateway  
  59  5:04  Probe  
  61  5:07  Warp Prism (Chrono Boost)  
  61  5:12  Templar Archives, Probe  
  64  5:14  Probe  
  64  5:16  Probe  
  64  5:20  Pylon  
  66  5:26  Probe (Chrono Boost)  
  66  5:28  Probe (Chrono Boost)  
  69  5:29  Probe (Chrono Boost)  
  69  5:31  Shield Battery  
  69  5:39  Probe (Chrono Boost)  
  69  5:41  Probe (Chrono Boost)  
  69  5:42  Probe (Chrono Boost)  
  72  5:44  Probe (Chrono Boost)  
  72  5:48  Probe, Gateway  
  74  5:50  Gateway, Probe  
  74  5:54  High Templar x2  
  74  5:55  High Templar x2  
  82  5:58  Probe  
  82  5:59  Gateway  
  82  6:00  Archon x2, Gateway, Pylon  
  82  6:03  Assimilator  
  83  6:04  Probe x2  
  83  6:05  Assimilator  
  83  6:08  Pylon  
  85  6:18  Observer, Probe  
  87  6:19  Probe  
  87  6:20  Pylon  
  87  6:24  Probe  
  89  6:29  Zealot x3  
  89  6:30  Zealot  
  97  6:37  Photon Cannon  
  97  6:42  Zealot  
  99  6:48  Zealot  
  99  6:53  Zealot x4  
  107  7:01  Pylon  
  107  7:06  Immortal  
  90  7:11  Probe x2  
  90  7:12  Robotics Bay  
  90  7:14  Protoss Ground Weapons Level 2  
  92  7:17  Zealot x7  
  106  7:23  Blink (Chrono Boost)  
  106  7:24  Pylon  
  106  7:31  Nexus  
  106  7:34  Probe x3  
  109  7:38  Photon Cannon  
  109  7:39  Shield Battery  
  109  7:44  Photon Cannon  
  109  7:46  Photon Cannon  
  109  7:48  Probe x2  
  109  7:49  Photon Cannon, Probe  
  112  7:55  Disruptor (Chrono Boost)  
  112  7:56  Shield Battery, Phoenix (Chrono Boost)  
  114  8:03  Probe x3  
  120  8:06  Pylon  
  120  8:11  Stargate  
  120  8:12  Photon Cannon  
  120  8:14  Photon Cannon  
  120  8:16  Stalker  
  120  8:19  Phoenix (Chrono Boost)  
  122  8:25  Pylon  
  124  8:27  Pylon  
  124  8:32  Probe x3  
  124  8:33  Stalker x2  
  126  8:36  Phoenix (Chrono Boost)  
  126  8:40  Stalker  
  120  8:44  Probe x4  
  119  8:55  High Templar x4  
  126  8:56  Disruptor (Chrono Boost), Probe x4  
  126  8:59  Archon x2  
  133  9:08  Probe x2  
  135  9:13  Assimilator  
  135  9:16  Assimilator  
  135  9:18  High Templar x4  
  135  9:22  Archon x2  
  143  9:24  Photon Cannon  
  143  9:26  Photon Cannon  
  143  9:29  Photon Cannon  
  143  9:30  Disruptor  
  146  9:32  Pylon  
  146  9:35  High Templar x2  
  146  9:36  Zealot x2  
  146  9:41  Archon  
  146  9:51  High Templar x2  
  146  9:55  Archon  
  146  9:57  Zealot x4  
  135  10:05  Disruptor (Chrono Boost)  
  120  10:10  Zealot x2  
  120  10:12  Probe  
  124  10:16  Protoss Shields Level 1 (Chrono Boost)  
  124  10:17  Probe x2  
  126  10:22  High Templar x3  
  126  10:26  Archon  
  132  10:30  High Templar  
  132  10:33  Probe x3  
  137  10:35  Archon  
  137  10:36  Shield Battery, Photon Cannon  
  137  10:38  Immortal (Chrono Boost)  
  137  10:39  Photon Cannon  
  141  10:44  Forge  
  141  10:45  Nexus  
  141  10:46  Pylon  
  141  10:49  Zealot x4  
  149  11:04  Pylon  
  149  11:05  Gateway  
  149  11:08  Gateway  
  149  11:11  Zealot x3  
  149  11:13  Gateway  
  154  11:19  High Templar x5  
  154  11:20  Gateway  
  154  11:24  Archon x2  
  164  11:25  Photon Cannon  
  164  11:33  Stalker x3  
  162  11:42  Phoenix x2 (Chrono Boost)  
  164  11:51  Stalker x5  
  168  11:56  Probe  
  168  11:58  Probe x2  
  168  12:00  Probe x2  
  166  12:02  Observer  
  165  12:09  Probe  
  165  12:10  Probe x2  
  165  12:12  Probe x2  
  169  12:21  Probe  
  169  12:22  Probe x2  
  171  12:23  High Templar x3  
  171  12:24  Observer, Probe x2, High Templar  
  171  12:27  Archon x2  
  171  12:29  Photon Cannon  
  182  12:32  High Templar  
  182  12:33  Probe  
  182  12:34  Probe x2  
  182  12:36  Probe x2  
  189  12:41  Archon  
  189  12:43  Stalker x3  
  195  12:45  Probe  
  195  12:50  Probe  
  195  12:51  Probe  
  198  12:52  Assimilator  
  198  12:56  Zealot, Assimilator  
  196  13:17  Zealot  
  196  13:18  Zealot  
  196  13:19  Photon Cannon  
  200  13:21  Photon Cannon  
  200  13:23  Photon Cannon  
  200  13:25  Shield Battery  
  198  13:36  Photon Cannon  
  198  13:40  Zealot x12  
Show
View Real Time Build Order
Export as new Build Order

Lambo Zerg 

Build Orders: Hatch First 

Get SALT Encoding   

  12  0:00  Drone  
  13  0:12  Overlord  
  13  0:17  Drone  
  14  0:30  Drone x2  
  16  0:45  Drone  
  17  0:53  Hatchery  
  17  0:56  Drone  
  17  1:00  Drone  
  18  1:11  Extractor  
  17  1:15  Spawning Pool  
  16  1:18  Drone  
  16  1:22  Drone  
  18  1:28  Drone  
  20  1:40  Drone  
  20  1:50  Overlord  
  20  2:01  Queen  
  20  2:05  Queen  
  20  2:06  Zergling x2, Drone  
  26  2:11  Metabolic Boost  
  26  2:13  Zergling x2  
  27  2:17  Drone  
  27  2:22  Drone  
  29  2:29  Drone  
  30  2:32  Drone  
  31  2:45  Hatchery  
  31  2:46  Drone  
  31  2:48  Overlord  
  31  2:53  Drone  
  32  2:58  Zergling x2  
  32  3:00  Queen  
  34  3:07  Queen  
  34  3:09  Zergling x2  
  34  3:10  Zergling x2  
  34  3:12  Drone  
  39  3:15  Overlord  
  39  3:18  Drone  
  40  3:20  Drone  
  40  3:21  Drone  
  40  3:25  Drone  
  43  3:28  Evolution Chamber  
  43  3:36  Drone  
  43  3:39  Drone x4  
  46  3:50  Drone x4  
  49  3:56  Drone  
  49  3:58  Spore Crawler, Queen  
  49  3:59  Queen  
  49  4:00  Drone  
  54  4:03  Evolution Chamber  
  54  4:09  Drone x3  
  56  4:10  Drone  
  56  4:12  Drone  
  58  4:17  Overlord  
  58  4:20  Spore Crawler  
  58  4:23  Drone  
  58  4:28  Overlord  
  58  4:30  Zerg Melee Weapons Level 1  
  58  4:35  Drone, Roach Warren  
  58  4:36  Drone x3  
  58  4:37  Drone  
  62  4:41  Drone x2  
  62  4:45  Drone x3  
  66  4:46  Drone  
  66  4:48  Drone x2  
  66  4:51  Drone x2  
  71  4:54  Extractor  
  70  5:00  Hatchery  
  70  5:01  Zergling x2  
  70  5:06  Queen  
  72  5:08  Extractor  
  72  5:11  Drone x3  
  72  5:12  Overlord  
  74  5:17  Spore Crawler  
  74  5:18  Lair  
  74  5:19  Overlord  
  74  5:20  Drone, Overlord  
  74  5:23  Overlord  
  74  5:25  Overlord  
  74  5:31  Drone x3  
  74  5:34  Extractor  
  76  5:35  Zergling x2  
  76  5:36  Zergling x10  
  76  5:40  Zergling x2  
  82  5:46  Extractor  
  82  5:48  Zergling x14  
  88  5:50  Queen  
  88  5:55  Overlord  
  90  5:57  Drone  
  90  6:00  Zergling x8  
  95  6:04  Overlord  
  95  6:11  Drone x5  
  98  6:13  Drone, Extractor  
  98  6:14  Drone x2  
  98  6:16  Glial Reconstitution  
  101  6:19  Spire  
  101  6:20  Roach x3  
  101  6:23  Roach  
  108  6:29  Zerg Melee Weapons Level 2  
  108  6:31  Roach x2  
  108  6:32  Zergling x2, Overlord  
  113  6:33  Zergling x2  
  114  6:40  Roach x4  
  114  6:46  Zergling x12  
  125  6:49  Zergling x4  
  125  6:52  Overlord  
  127  6:57  Baneling Nest  
  126  7:07  Drone x2  
  126  7:08  Drone x2  
  124  7:09  Overlord  
  124  7:11  Overlord  
  124  7:15  Drone  
  124  7:16  Drone x3  
  124  7:17  Overlord  
  124  7:18  Hatchery  
  123  7:40  Mutalisk x9  
  141  7:48  Centrifugal Hooks  
  141  7:57  Drone x7  
  148  7:58  Extractor  
  148  8:02  Roach  
  149  8:10  Roach x2, Overlord  
  153  8:14  Overlord  
  153  8:16  Overlord  
  153  8:18  Overlord  
  153  8:20  Overlord  
  153  8:22  Overlord  
  153  8:24  Overlord  
  153  8:28  Queen, Overlord  
  153  8:29  Roach x4  
  159  8:38  Zergling x16  
  163  8:50  Zergling x12  
  163  8:51  Ravager x3  
  163  8:54  Zergling x6  
  165  9:03  Roach x6  
  165  9:08  Roach x4  
  185  9:12  Zergling x8  
  185  9:16  Zergling x2, Spine Crawler  
  189  9:19  Zergling x6  
  192  9:24  Baneling x22, Hatchery  
  192  9:25  Baneling  
  192  9:30  Zergling x10  
  195  9:32  Baneling x4  
  195  9:36  Zergling x8  
  195  9:37  Baneling x2  
  197  9:39  Ravager  
  197  9:40  Baneling x5  
  197  9:42  Zergling x4  
  184  9:56  Zergling x20  
  163  10:01  Zergling x18  
  163  10:05  Zergling x2  
  142  10:20  Mutalisk  
  142  10:21  Mutalisk x6, Extractor  
  141  10:23  Mutalisk  
  141  10:24  Mutalisk x2  
  141  10:28  Mutalisk x3  
  159  10:32  Drone x2  
  159  10:33  Zergling x6  
  159  10:34  Zergling x2  
  171  10:37  Overlord  
  171  10:38  Mutalisk  
  171  10:41  Drone x2  
  175  10:42  Mutalisk  
  175  10:45  Drone x2  
  175  10:46  Drone  
  175  10:47  Ravager  
  175  10:48  Ravager  
  183  10:50  Ravager  
  183  10:55  Zergling x14  
  190  10:59  Baneling  
  190  11:00  Baneling x8  
  190  11:05  Zergling x2  
  190  11:06  Zergling x8  
  190  11:10  Infestation Pit, Zerg Missile Weapons Level 1  
  194  11:13  Zergling x8  
  194  11:18  Zergling x4  
  199  11:25  Overlord  
  195  11:35  Baneling  
  186  11:40  Zergling x30  
  186  11:42  Zergling x4  
  198  11:48  Zergling x4  
  193  11:56  Zergling x18  
  193  12:01  Baneling x22  
  194  12:04  Hive  
  188  12:10  Zergling x14  
  188  12:11  Drone  
  190  12:19  Zergling x16  
  190  12:22  Ravager  
  193  12:23  Drone x3  
  193  12:24  Drone  
  193  12:26  Drone  
  193  12:27  Spine Crawler  
  197  12:30  Spore Crawler  
  197  12:32  Ravager x3  
  197  12:33  Ravager  
  200  12:43  Overlord  
  199  12:45  Drone  
  199  12:47  Overlord  
  199  12:50  Zergling x2  
  200  12:53  Baneling x15  
  200  12:57  Baneling x10  
  197  13:08  Zergling x10  
  197  13:11  Hatchery  
  196  13:14  Zergling x6  
  196  13:28  Zergling x14  
Tags
 
Add a new tag
Caveats
  • Supply blocks, unpowered buildings, or Contaminate may cause inaccurate times.
  • Supply counts are checked every 10 seconds.